 Dungeon Crawl Stone Soup version 0.31-a0-163-gb40cd77e26 (webtiles) character file.

Game seed: 8585981011379387375

149 qw the Shooter (level 5, -1/32 HPs)
             Began as a Gargoyle Hunter on June 13, 2023.
             Slain by an ogre
             ... wielding a +0 giant club
              (18 damage)
             ... on level 4 of the Dungeon.
             The game lasted 00:00:53 (1654 turns).

qw the Shooter (Gargoyle Hunter)                    Turns: 1654, Time: 00:00:53

Health: -1/32      AC: 10    Str: 15    XL:     5   Next: 31%
Magic:  5/5        EV: 11    Int:  9    God:
Gold:   115        SH:  0    Dex: 15    Spells: 4/4 levels left

rFire   . . .        Y - +0 shortbow
rCold   . . .        (shield currently unavailable)
rNeg    + . .        b - +0 ring mail
rPois   inf          (no helmet)
rElec   +            (no cloak)
rCorr   .            e - +0 pair of gloves
SInv    .            (no boots)
Will    .....        h - amulet of the acrobat
Stlth   +            (no ring)
HPRegen 0.25/turn    (no ring)
MPRegen 0.09/turn

%: acrobat
@: no status effects
A: sickness immunity, AC +4, negative energy resistance 1, electricity
resistance, torment resistance 1, petrification resistance
a: no special abilities


You were on level 4 of the Dungeon.
You visited 1 branch of the dungeon, and saw 4 of its levels.

You collected 115 gold pieces.


Innate Abilities, Weirdness & Mutations

You are immune to sickness and miasma.
Your stone body is resilient. (AC +4)
You are immune to poison.
You resist negative energy. (rN+)
You are resistant to electric shocks. (rElec)
You are resistant to unholy torment.
You are immune to petrification.


   Skills:
 - Level 3.3 Fighting
 + Level 5.8 Ranged Weapons
 - Level 1.0 Armour
 - Level 1.5 Dodging
 - Level 1.1 Stealth


You had 4 spell levels left.
You didn't know any spells.
Your spell library was empty.

Inventory:

Hand Weapons
 Y - a +0 shortbow (weapon)
Armour
 b - a +0 ring mail (worn)
 e - a +0 pair of gloves (worn)
Jewellery
 h - an amulet of the acrobat (around neck)
Scrolls
 a - a scroll of identify
 c - a scroll of teleportation {unknown}
Potions
 d - 3 potions of mutation
 g - a potion of haste
 i - a potion of invisibility {unknown}
 j - a potion of might {unknown}

Dungeon Overview and Level Annotations

Branches:
Dungeon (4/15)
 Temple: D:4-7

Altars:
Xom

Annotations:
D:3 1 runed translucent door, qw's ghost, amateur NaHu


Message History

The kobold shouts!
You shoot an arrow. The arrow hits the gnoll.
The gnoll is heavily wounded.
An ogre comes into view. It is wielding a +0 giant club.
You shoot an arrow. The ogre shouts!
The arrow hits the gnoll!
You kill the gnoll!
A gnoll comes into view. It is wielding a +0 flail.
Your Armour skill increases to level 1!
You shoot an arrow. The arrow barely misses the kobold.
The gnoll shouts!
You shoot an arrow. The arrow hits the kobold!
You kill the kobold!
A quokka comes into view.
You shoot an arrow.
The arrow hits the ogre but does no damage.
A gnoll comes into view. It is wielding a +0 flail.
A gnoll comes into view.
It is wielding a +2 halberd of freezing.
The quokka twitches its whiskers.
You shoot an arrow. The gnoll shouts!
The arrow hits the ogre.
The ogre is lightly wounded.
The ogre barely misses you.
You shoot an arrow. The arrow barely misses the ogre.
The arrow hits the quokka!
You kill the quokka!
The gnoll hits you with a +0 flail. The ogre barely misses you.
You shoot an arrow. The arrow hits the ogre.
The ogre is moderately wounded.
The gnoll hits you with a +0 flail.
You shoot an arrow. The arrow hits the ogre!
The ogre is severely wounded.
The gnoll barely misses you. The ogre hits you with a +0 giant club!
The gnoll closely misses you.
You shoot an arrow. The arrow barely misses the ogre.
The gnoll closely misses you. The gnoll barely misses you.
The ogre hits you with a +0 giant club!!
Ouch! That really hurt!
You die...

.....#
#...............#
.....#
#####..........#
######
#####.######
####.# #####....#
.........#
.........##
.......#..###
#...)O@....#
#......gg.##
##.....g..#
#......[..#
###.>.......
###...###.. ...##
.. ..##


You could see an ogre and 3 gnolls.

Vanquished Creatures
  A hound (D:2)
  2 gnolls
  2 adders (D:3)
  An ufetubus (D:4)
  2 worms
  2 dart slugs
  6 ball pythons
  5 bats
  13 endoplasms
  3 giant cockroaches
  4 hobgoblins
  A jackal (D:3)
  6 kobolds
  3 quokkas
  4 frilled lizards
  6 goblins
  4 rats
65 creatures vanquished.

Notes
Turn   | Place    | Note
-------+----------+-------------------------------------------
     0 | D:1      | qw the Gargoyle Hunter began the quest for the Orb.
     0 | D:1      | Reached XP level 1. HP: 12/12 MP: 1/1
     0 | D:1      | 0 ||| qw: Version: 0.2-a-29-gc1b59c4
     0 | D:1      | 0 ||| qw: Game counter: 4443
     0 | D:1      | 0 ||| qw: Always use a shield: true
     0 | D:1      | 0 ||| qw: God list: Okawaru
     0 | D:1      | 0 ||| qw: Allow faded altars: false
     0 | D:1      | 0 ||| qw: Do Orc after D:15 true
     0 | D:1      | 0 ||| qw: Do second Lair branch before Depths: true
     0 | D:1      | 0 ||| qw: Lair rune preference: random
     0 | D:1      | 0 ||| qw: Plans: Normal, Zot:1-4, Slime:5, God:TSO, Crypt,
                  | Tomb, Abyss, Pan, Hells, Win
     0 | D:1      | 0 ||| PLANNING D:1-11
    56 | D:1      | Reached XP level 2. HP: 12/17 MP: 2/2
   456 | D:1      | 456 ||| UPGRADING to +0 pair of gloves.
   461 | D:1      | 461 ||| UPGRADING to amulet of the acrobat.
   466 | D:1      | 466 ||| READING scroll labelled REG LIAS RAT.
   467 | D:1      | 467 ||| READING scroll labelled BUQOKK YHYIMOB.
   468 | D:1      | 468 ||| READING scroll labelled NEIN ADGHIL.
   469 | D:1      | 469 ||| READING scroll labelled RUV KEUSENE.
   570 | D:1      | 570 ||| DROPPING scroll of butterflies.
   597 | D:2      | 597 ||| STAIRDANCE
   600 | D:1      | Reached XP level 3. HP: 14/21 MP: 3/3
   643 | D:2      | Reached skill level 5 in Ranged Weapons
   712 | D:2      | Reached skill level 3 in Fighting
   712 | D:2      | Reached XP level 4. HP: 28/28 MP: 4/4
   755 | D:2      | Found a faded altar of an unknown god.
  1140 | D:2      | 1140 ||| READING 3 scrolls labelled VEMETHRA ZITID.
  1141 | D:2      | 1141 ||| READING scroll labelled DAMOAN QATHROG.
  1142 | D:2      | 1142 ||| READING scroll labelled ZOLIHOU ICLEC.
  1143 | D:2      | 1143 ||| READING 2 scrolls of identify.
  1143 | D:2      | 1143 ||| IDENTIFYING cyan potion
  1386 | D:3      | Found a shimmering altar of Xom.
  1411 | D:3      | Reached XP level 5. HP: 32/32 MP: 5/5
  1420 | D:3      | Found a runed translucent door.
  1538 | D:3      | Noticed qw's ghost (amateur NaHu)
  1540 | D:3      | 1540 ||| UPGRADING to +0 ring mail.
  1550 | D:3      | 1550 ||| DROPPING +0 leather armour.
  1551 | D:3      | 1551 ||| DRINKING 2 fuming golden potions.
  1560 | D:3      | 1560 ||| READING 3 scrolls of identify.
  1560 | D:3      | 1560 ||| IDENTIFYING fuming blue potion
  1561 | D:3      | 1561 ||| READING 2 scrolls of identify.
  1561 | D:3      | 1561 ||| IDENTIFYING red potion
  1562 | D:3      | 1562 ||| DROPPING potion of enlightenment.
  1563 | D:3      | 1563 ||| DROPPING potion of ambrosia.
  1645 | D:4      | Noticed an ogre
  1647 | D:4      | Reached skill level 1 in Armour
  1654 | D:4      | Slain by an ogre

Levels and vault maps discovered:
D:1:      dpeg_arrival_windows_large_door, layout_rooms, minmay_close_crescents
D:2:      layout_rooms, serial_forest, infiniplex_forest_side_room,
          infiniplex_forest_straight_2, infiniplex_forest_clump_double,
          infiniplex_forest_clump_curved, infiniplex_forest_straight_2,
          infiniplex_forest_lined_corner, basic_ecumenical_altar
D:3:      layout_rooms, xom_confusion_cloud, ebering_ghost_sewer_d,
          minivault_14, minmay_misc_feat_room
D:4:      layout_cave_pods, mainiacjoe_overflow_surrounded_room,
          nzn_wu_jian_council_hall, nicolae_uskayaw_suspiria,
          gammafunk_temple_overflow_elements, ebering_ghost_gozag, serial_shops,
          shop_coins, nicolae_shop_i_like_big_books, uniq_edmund, uniq_menkaure

Skill      XL: |  1  2  3  4  5 |
---------------+----------------+-----
Ranged Weapons | 5 |  5.8
Fighting       | 3 |  3.3
Armour         | 1 |  1.0
Dodging        | |  1.5
Stealth        | |  1.1

Action                     |  1- 3 |  4- 6 || total
---------------------------+-------+-------++-------
   Fire: Shortbow          |    83 |   104 ||   187
    Use: Scroll            |     4 |     6 ||    10
         Potion            |       |     1 ||     1
 Armour: Leather armour    |     8 |    10 ||    18
  Dodge: Dodged            |    18 |    15 ||    33

Table legend:
 A = Non-vault XP
 B = Vault XP
 C = Vault XP percentage of total XP
 D = Non-vault monster count
 E = Vault monster count
 F = Vault count percentage of total count
                 A         B        C        D         E       F
            +---------+---------+-------+---------+---------+-------
      Total |     170 |      43 |  20.2 |      48 |      17 |  26.2
            +---------+---------+-------+---------+---------+-------
        D:1 |      31 |       6 |  16.2 |      15 |       4 |  21.1
        D:2 |      73 |       0 |   0.0 |      17 |       0 |   0.0
        D:3 |      40 |      37 |  48.1 |      11 |      13 |  54.2
        D:4 |      26 |       0 |   0.0 |       5 |       0 |   0.0
            +---------+---------+-------+---------+---------+-------
